Map: New Repugnancy LE

Players

Smeeeger - Winner!

  • Race: Zerg Zerg
  • League: Platinum
  • Spawn Location: 1:00

Qish

  • Race: Zerg Zerg
  • Spawn Location: 7:00

VOD

Have the link to the VOD?

Description

Time

  • Played on: July 26, 2019, 8:17 a.m.
  • Length: 7:24
Show
View Real Time Build Order
Export as new Build Order

Smeeeger Zerg - Winner!

Build Orders: Hatch First 

Get SALT Encoding   

  12  0:01  Drone  
  13  0:12  Overlord  
  13  0:17  Drone  
  14  0:30  Drone x2  
  14  0:35  Drone  
  17  0:45  Drone  
  18  0:57  Hatchery  
  18  1:00  Extractor  
  18  1:01  Drone  
  17  1:16  Spawning Pool  
  17  1:18  Drone  
  17  1:22  Drone  
  18  1:30  Drone  
  19  1:40  Overlord  
  19  2:03  Queen  
  19  2:04  Zergling x4  
  23  2:09  Queen  
  23  2:10  Zergling x2  
  23  2:15  Drone  
  27  2:16  Metabolic Boost  
  27  2:24  Drone x2  
  29  2:34  Drone  
  30  2:39  Overlord  
  30  2:45  Queen  
  30  2:50  Queen  
  34  2:53  Drone x2  
  34  2:57  Overlord  
  36  3:03  Drone  
  36  3:04  Overlord  
  37  3:06  Drone  
  38  3:21  Queen  
  38  3:25  Drone x5  
  45  3:29  Overlord  
  46  3:34  Drone x2  
  47  3:48  Drone x2  
  49  3:51  Drone x3  
  49  3:52  Extractor  
  51  3:56  Drone x2  
  51  3:57  Drone  
  51  3:58  Roach Warren  
  54  4:10  Drone x2  
  54  4:11  Overlord x2  
  54  4:12  Evolution Chamber  
  54  4:13  Extractor  
  54  4:15  Lair  
  53  4:24  Drone  
  53  4:27  Queen  
  56  4:38  Roach  
  56  4:39  Roach x3  
  64  4:49  Overlord x2  
  64  4:53  Zerg Missile Weapons Level 1  
  64  4:54  Roach x3  
  64  4:57  Roach  
  72  5:13  Glial Reconstitution  
  72  5:15  Roach  
  72  5:16  Roach  
  76  5:35  Hatchery  
  75  5:47  Roach x6  
  87  6:08  Roach  
  87  6:09  Roach x5  
  87  6:10  Roach x2  
  87  6:11  Overlord x4  
  95  6:25  Drone  
  95  6:26  Drone  
  95  6:27  Drone  
  95  6:32  Roach  
  100  6:33  Spine Crawler  
  99  6:45  Drone x8  
  107  6:54  Extractor  
  107  6:58  Ravager x3  
  107  6:59  Ravager  
  110  7:02  Roach  
  110  7:05  Overlord x2  
Show
View Real Time Build Order
Export as new Build Order

Qish Zerg 

Build Orders: Pool First 

Get SALT Encoding   

  12  0:01  Drone  
  13  0:12  Overlord  
  13  0:27  Drone  
  14  0:30  Drone x2  
  16  0:40  Drone  
  17  0:46  Spawning Pool  
  17  0:49  Drone  
  17  0:57  Extractor  
  17  1:02  Overlord  
  16  1:12  Drone  
  17  1:25  Drone  
  18  1:32  Drone  
  19  1:35  Queen  
  21  1:45  Hatchery  
  20  1:55  Overlord  
  20  1:58  Metabolic Boost  
  20  2:03  Zergling x2  
  21  2:29  Drone x3  
  24  2:44  Queen  
  24  2:48  Overlord x2  
  27  2:51  Drone x2  
  28  2:59  Drone x2  
  28  3:03  Queen  
  32  3:09  Drone x2  
  34  3:21  Drone x2  
  36  3:34  Queen  
  38  3:43  Extractor  
  38  3:45  Extractor  
  38  3:47  Extractor  
  35  3:58  Drone x3  
  35  3:59  Drone x5  
  42  4:45  Roach Warren  
  41  4:53  Drone x6  
  41  4:54  Drone x3  
  50  5:15  Overlord x2  
  50  5:16  Overlord  
  50  5:41  Roach x11  
  70  5:51  Roach x2  
  66  6:18  Roach x2  
  66  6:19  Roach x6  
  66  6:23  Queen  
  80  6:41  Roach x2  
Tags
 
Add a new tag
Caveats
  • Supply blocks, unpowered buildings, or Contaminate may cause inaccurate times.
  • Supply counts are checked every 10 seconds.